 Dungeon Crawl Stone Soup version 0.31-a0-836-g3ceb0a68c4 (webtiles) character file.

Game seed: 16362565576239268341

100 cbfl8 the Trooper (level 4, 0/41 HPs)
             Began as a Minotaur Berserker on Sept 26, 2023.
             Was a Believer of Trog.
             Slain by a gnoll
             ... wielding a +0 halberd
              (4 damage)
             ... on level 3 of the Dungeon.
             The game lasted 00:01:32 (1666 turns).

cbfl8 the Trooper (Minotaur Berserker)              Turns: 1666, Time: 00:01:32

Health: 0/41       AC:  5    Str: 21    XL:     4   Next: 46%
Magic:  3/3        EV: 11    Int:  4    God:    Trog [**....]
Gold:   134        SH:  0    Dex: 12    Spells: 3/3 levels left

rFire   . . .        a - +0 hand axe
rCold   . . .        (no shield)
rNeg    . . .        f - +0 ring mail
rPois   .            (helmet restricted)
rElec   .            (no cloak)
rCorr   .            (no gloves)
SInv    .            (no boots)
Will    ++...        (no amulet)
Stlth   +            (no ring)
HPRegen 1.26/turn    (no ring)
MPRegen 0.08/turn

%: no passive effects
@: strong-willed, regenerating
A: horns 2, retaliatory headbutt
a: Renounce Religion, Berserk, Trog's Hand


You were on level 3 of the Dungeon.
You worshipped Trog.
Trog was pleased with you.
You visited 1 branch of the dungeon, and saw 3 of its levels.

You collected 134 gold pieces.

Inventory:

Hand Weapons
 a - a +0 hand axe (weapon)
Armour
 f - a +0 ring mail (worn)
Scrolls
 c - a scroll of teleportation {unknown}
 e - a scroll of fear
 k - a scroll of blinking
Potions
 b - a potion of resistance {unknown}
 h - a potion of lignification {unknown}
 i - a potion of curing {unknown}


   Skills:
 + Level 4.7 Fighting
 + Level 4.5 Axes
 + Level 2.7 Armour
 - Level 2.1 Dodging
 * Level 1.6 Shields
 * Level 1.4 Evocations


You had 3 spell levels left.
You didn't know any spells.
Your spell library was empty.

Dungeon Overview and Level Annotations

Branches:
Dungeon (3/15)

Altars:


Innate Abilities, Weirdness & Mutations

You have a pair of horns on your head.
You reflexively headbutt those who attack you in melee.


Message History

You hit the gnoll. You headbutt the gnoll.
You kill the gnoll!
Trog accepts your kill.
You barely miss the gnoll. The gnoll hits you with a +0 flail.
You hit the gnoll. Your headbutt misses the gnoll.
The gnoll is heavily wounded.
The gnoll closely misses you.
You hit the gnoll.
The gnoll is heavily wounded.
The gnoll hits you with a +0 flail. The gnoll misses you.
You barely miss the gnoll. Your headbutt misses the gnoll.
The gnoll is heavily wounded.
The gnoll closely misses you. The gnoll barely misses you.
The gnoll hits you from afar with a +0 halberd.
The gnoll barely misses you. You furiously retaliate!
You headbutt the gnoll, but do no damage.
You hit the gnoll.
The gnoll is severely wounded.
The gnoll hits you from afar with a +0 halberd!
The gnoll closely misses you.
You are too injured to fight recklessly!
You are too injured to fight recklessly!
You barely miss the gnoll.
The gnoll is severely wounded.
The gnoll barely misses you. The gnoll hits you but does no damage.
The gnoll attacks as it pursues you!
The gnoll hits you from afar with a +0 halberd!
* * * LOW HITPOINT WARNING * * *
There is an open door here.
Your skin crawls.
You feel strong-willed. The gnoll hits you with a +0 flail.
* * * LOW HITPOINT WARNING * * *
The gnoll barely misses you. The gnoll attacks as it pursues you!
The gnoll hits you from afar with a +0 halberd.
* * * LOW HITPOINT WARNING * * *
The gnoll attacks as it pursues you!
The gnoll hits you from afar with a +0 halberd.
You die...

#.# #........# #.#..# #####.#
####...### #.#..# ......##
##...|.## ##.#..# .###...##
##.......## ##..#..#
.###....####.........####...#..#
...........'.........'.........#
.##.....####........>####......#
#..#.## ##.......## ##.....#
#..### ##..@..## ####.## ....#
##.g.## #.# ###.# ##g## #.# #.
#.# #.# #.# .# #)# #.).# #......
##.......


You could see 2 gnolls.

Vanquished Creatures
  3 gnolls
  2 adders (D:2)
  A worm (D:3)
  4 bats
  6 endoplasms
  6 giant cockroaches (D:1)
  4 goblins (D:1)
  5 jackals
  2 quokkas
  3 ball pythons
  4 frilled lizards
  3 kobolds
  3 rats
46 creatures vanquished.

Notes
Turn   | Place    | Note
-------+----------+-------------------------------------------
     0 | D:1      | cbfl8 the Minotaur Berserker began the quest for the Orb.
     0 | D:1      | Reached XP level 1. HP: 19/19 MP: 0/0
   130 | D:1      | Reached XP level 2. HP: 14/27 MP: 1/1
   364 | D:1      | Reached XP level 3. HP: 32/34 MP: 2/2
   383 | D:1      | Reached ** piety under Trog
   498 | D:1      | Reached skill level 1 in Shields
   787 | D:1      | Reached skill level 1 in Evocations
  1160 | D:2      | Reached XP level 4. HP: 41/41 MP: 3/3
  1666 | D:3      | Slain by a gnoll

Illustrated notes

Levels and vault maps discovered:
D:1:      psy_arrival_fountain, layout_basic, minmay_worlds_worst_comb
D:2:      layout_loops_ring
D:3:      layout_loops_corners, hangedman_decor_peaks_small,
          amcnicky_mini_corridor_feature

Skill      XL: |  1  2  3 |
---------------+----------+-----
Fighting       | 4 |  4.7
Axes           | 4 |  4.5
Shields        | 1 |  1.6
Evocations     | 1 |  1.4
Armour         | |  2.7
Dodging        | |  2.1

Action                     |  1- 3 |  4- 6 || total
---------------------------+-------+-------++-------
  Melee: Hand axe          |    69 |    24 ||    93
         Headbutt          |     7 |     6 ||    13
 Invoke: Trog's Hand       |       |     1 ||     1
    Use: Scroll            |     1 |     3 ||     4
 Armour: Animal skin       |    27 |       ||    27
         Ring mail         |    10 |    19 ||    29
  Dodge: Dodged            |    54 |    15 ||    69

Table legend: (Time is in decaauts)
 A = Elapsed time spent in this place.
 B = Non-inter-level travel time spent in this place.
 C = Inter-level travel time spent in this place.
 D = Time resting spent in this place.
 E = Time spent auto-exploring this place.
 F = Levels seen in this place.
 G = Mean time per level.
                   A        B        C        D        E       F      G
               +--------+--------+--------+--------+--------+-----+--------+
         Total |   1674 |   1636 |     38 |     14 |   1339 |   3 |  558.0 |
       Dungeon |   1674 |   1636 |     38 |     14 |   1339 |   3 |  558.0 |
               +--------+--------+--------+--------+--------+-----+--------+

Top non-repeatable levels by time:
     D:1: 950 daAuts
     D:2: 599 daAuts
     D:3: 124 daAuts
